 Dungeon Crawl Stone Soup version 0.21.2 (webtiles) character file.

1 glosham the Skirmisher (level 1, -2/18 HPs)
             Began as a Formicid Berserker on Dec 18, 2018.
             Was a Follower of Trog.
             Slain by a jackal (3 damage)
             ... on level 1 of the Dungeon.
             The game lasted 00:01:23 (22 turns).

glosham the Skirmisher (Formicid Berserker)           Turns: 22, Time: 00:01:24

Health: -2/18      AC:  2    Str: 21    XL:     1   Next: 22%
Magic:  1/1        EV: 12    Int:  6    God:    Trog [*.....]
Gold:   0          SH:  0    Dex: 10    Spells: 0/0 levels left

rFire    . . .     SeeInvis +   a - +0 hand axe
rCold    . . .     Gourm    .   (no shield)
rNeg     . . .     Faith    .   b - +0 animal skin
rPois    .         Spirit   .   (helmet unavailable)
rElec    .         Reflect  .   (no cloak)
rCorr    .         Harm     .   (no gloves)
MR       .....                  (no boots)
Stlth    +.........             (no amulet)
HPRegen  0.06/turn              (no ring)
MPRegen  0.07/turn              (no ring)

@: no status effects
A: permanent stasis, dig shafts and tunnels, four strong arms, antennae 3
a: Dig, Shaft Self, Burn Spellbooks, Renounce Religion


You were on level 1 of the Dungeon.
You worshipped Trog.
Trog was aware of your devotion.
You were not hungry.

You visited 1 branch of the dungeon, and saw 2 of its levels.

Inventory:

Hand Weapons
 a - a +0 hand axe (weapon)
Armour
 b - a +0 animal skin (worn)
Comestibles
 c - a ration


   Skills:
 - Level 3.2 Fighting
 * Level 3.1 Axes
 - Level 2.1 Armour
 - Level 1.7 Dodging


You couldn't memorise any spells.
You didn't know any spells.

Dungeon Overview and Level Annotations

Branches:
Dungeon (2/15)

Altars:
Elyvilon


Innate Abilities, Weirdness & Mutations

You cannot be hasted, slowed, berserked, paralysed or teleported.
You can dig through walls and to a lower floor.
Your four strong arms can wield two-handed weapons with a shield.
You have a pair of large antennae on your head. (SInv)


Message History

The shaft crumbles and collapses.
A worm and 3 gnolls come into view.
Found a scroll labeled ATAIPA DOMUPT.
Found a white marble altar of Elyvilon.
Found an escape hatch in the ceiling.
The gnoll shouts!
You hear a shout!
There is a fountain of clear blue water here.
Found a ration.
Found a scroll of remove curse.
A gnoll comes into view. It is wielding a halberd.
The gnoll shouts!
There is an escape hatch in the ceiling here.
You hit the gnoll but do no damage. The gnoll barely misses you.
The gnoll completely misses you. The gnoll closely misses you.
A mysterious force pulls you upwards. The hatch slams shut behind you.
The ooze quivers.
The jackal barks! 3 jackals and a kobold come into view.
The jackal barks!
The jackal bites you but does no damage.
The jackal bites you. The jackal closely misses you. The jackal bites you.
The jackal closely misses you.
The kobold shouts!
Found a ration.
You barely miss the worm. You closely miss the gnoll. You miss the jackal.
You hit the ooze. You closely miss the gnoll. You slash the kobold!
You kill the kobold!
Trog accepts your kill.
You barely miss the jackal. You hit the jackal.
The gnoll hits you but does no damage. The gnoll hits you with a club!
Ouch! That really hurt!
The jackal bites you but does no damage.
The jackal misses you. The jackal bites you.
* * * LOW HITPOINT WARNING * * *
The ooze barely misses you. The worm barely misses you.
The gnoll closely misses you. The jackal barely misses you.
The gnoll closely misses you. The jackal closely misses you.
The jackal bites you.
* * * LOW HITPOINT WARNING * * *
The jackal bites you.
You die...

#+#.# ##
######.#.#..
#%.......#.
#......... #
#........##.#
#...........
#....g...####.#
#....whgJ.....#
#....hh@.#####
#.....h..#
##########


You could see a worm, 2 gnolls, an ooze and 4 jackals.

Vanquished Creatures
  A kobold (D:1)
1 creature vanquished.

Notes
Turn   | Place    | Note
-------+----------+-------------------------------------------
     0 | D:1      | glosham the Formicid Berserker began the quest for the Orb.
     0 | D:1      | Reached XP level 1. HP: 18/18 MP: 1/1
     6 | D:1      | You fall through a shaft!
     6 | D:2      | Found a white marble altar of Elyvilon.
    22 | D:1      | HP: 1/18 [jackal (3)]
    22 | D:1      | Slain by a jackal

Action                   || total
-------------------------++-------
Melee: Hand axe          ||     2
 Abil: Shaft Self        ||     1
  Use: Scroll            ||     1
Armor: Animal skin       ||     2
Dodge: Dodged            ||    12

Table legend:
 A = Turns spent in this place as a percentage of turns spent in the entire game.
 B = Non-inter-level travel turns spent in this place as a percentage of non-inter-level travel turns spent in the entire game.
 C = Inter-level travel turns spent in this place as a percentage of turns spent in this place.
 D = Turns resting spent in this place as a percentage of non-inter-level travel turns spent in this place.
 E = Turns spent auto-exploring this place as a percentage of non-inter-level travel turns spent in this place.
 F = Non-inter-level travel turns spent in this place divided by the number of levels of this place that you've seen.
                   A       B       C       D       E      F
               +-------+-------+-------+-------+-------+----------------------
         Total | 100.0 | 100.0 |   0.0 |   0.0 |   0.0 |  11.0
       Dungeon | 100.0 | 100.0 |   0.0 |   0.0 |   0.0 |  11.0
               +-------+-------+-------+-------+-------+----------------------

Table legend:
 A = Kills in this place as a percentage of kills in entire the game.
 B = Kills by you in this place as a percentage of kills by you in the entire game.
 C = Kills by friends in this place as a percentage of kills by friends in the entire game.
 D = Other kills in this place as a percentage of other kills in the entire game.
 E = Experience gained in this place as a percentage of experience gained in the entire game.
 F = Experience gained in this place divided by the number of levels of this place that you have seen.
                   A       B       C       D       E      F
               +-------+-------+-------+-------+-------+----------------------
         Total | 100.0 | 100.0 |   N/A |   N/A | 100.0 |   1.0
       Dungeon | 100.0 | 100.0 |   N/A |   N/A | 100.0 |   1.0
               +-------+-------+-------+-------+-------+----------------------

Vault maps used:
D:1:      nzn_arrival_crosshair, minmay_misc_feat_columns
D:2:      minmay_door_path, elyvilon_altar_5, kennysheep_okawaru_gauntlet
